 Dungeon Crawl Stone Soup version 0.18.1-8-gdd0e5ea (webtiles) character file.

613572 CcS the Acrobat (level 26, -30/136 HPs)
             Began as a Spriggan Fire Elementalist on May 19, 2016.
             Was the Champion of Vehumet.
             Killed from afar by an orb of fire (40 damage)
             ... with a fireball
             ... on level 5 of the Realm of Zot on May 22, 2016.
             The game lasted 06:05:42 (145895 turns).

CcS the Acrobat (Spriggan Fire Elementalist)      Turns: 145895, Time: 06:05:43

Health: -30/136    AC: 13    Str:  4    XL:     26   Next: 83%
Magic:  8/48       EV: 42    Int: 28    God:    Vehumet [******]
Gold:   1712       SH:  8    Dex: 28    Spells: 12 memorised, 8 levels left

rFire  + . .     SeeInvis +     a - staff of energy {@w1+MP, hungerless spells, !d!a}
rCold  + . .     Gourm    .     N - +2 robe {rC+}
rNeg   . . .     Faith    .     (shield currently unavailable)
rPois  +         Spirit   .     W - +2 hat {Int+3}
rElec  .         Dismiss  .     w - +2 cloak {rPois}
rCorr  .         Reflect  +     (gloves unavailable)
SustAt .         Harm     .     (boots unavailable)
MR     +++++                    P - brooch of Shielding {Reflect SH+8}
Stlth  +++++++++.               O - ring of Undoing {AC+4 Dex+5}
                                M - ring "Feted" {rPois rF+ MR+ Dex+3 SInv}

@: about to teleport, very slightly contaminated, hasted, very quick, almost
entirely resistant to hostile enchantments, incredibly stealthy
A: unfitting armour, see invisible, herbivore 3, speed 3, slow metabolism 2
a: Renounce Religion
}: 3/15 runes: decaying, serpentine, slimy


You were on level 5 of the Realm of Zot.
You worshipped Vehumet.
Vehumet was exalted by your worship.
You were completely stuffed.

You visited 10 branches of the dungeon, and saw 56 of its levels.
You visited 1 bazaar.
You visited 1 ziggurat, and saw 8 of its levels.

You collected 6448 gold pieces.
You spent 4736 gold pieces at shops.

Inventory:

Missiles
 z - 9 throwing nets {=f, !d}
Armour
 w - a +2 cloak of poison resistance (worn)
   (You found it on level 2 of the Swamp)
 B - the +2 robe of Modesty {rElec rCorr MP-9 Slay+3}
   (You acquired it on level 2 of the Swamp)

   It affects your accuracy and damage with ranged weapons and melee attacks
   (+3).
   It insulates you from electricity.
   It affects your magic capacity (-9).
   It protects you from acid and corrosion.
 N - a +2 robe of cold resistance (worn)
   (You took it off Fannar on level 3 of the Lair of Beasts)
 W - a +2 hat of intelligence (worn)
   (You took it off Gastronok on level 12 of the Dungeon)
Magical Staves
 a - an uncursed staff of energy (weapon) {@w1+MP, hungerless spells, !d!a}
   (You found it on level 11 of the Dungeon)
 b - an uncursed staff of fire {rF+}
   (You found it on level 3 of a ziggurat)
Rods
 A - a +3 rod of inaccuracy (12/12) {!a}
   (You found it on level 1 of the Elven Halls)
 R - a -1 rod of shadows (10/10)
   (You found it on level 2 of the Depths)
Jewellery
 d - an uncursed amulet of regeneration {+regen, !d}
   (You found it on level 8 of the Dungeon)
 e - a cursed ring of teleportation {+/*tele, !d}
   (You found it on level 4 of the Depths)
 f - an uncursed ring of sustain attributes
   (You found it on level 3 of the Swamp)
 v - an uncursed ring of positive energy {rN+}
   (You found it on level 6 of the Pits of Slime)
 G - a +2 ring of protection
   (You took it off an ogre mage on level 3 of the Depths)
 K - an uncursed ring of resist corrosion
   (You took it off a deep elf annihilator on level 3 of the Elven Halls)
 M - the ring "Feted" (left hand) {rPois rF+ MR+ Dex+3 SInv}
   (You found it on level 2 of a ziggurat)

   [ring of poison resistance]

   It affects your dexterity (+3).
   It protects you from fire.
   It protects you from poison.
   It affects your resistance to hostile enchantments.
   It lets you see invisible.
 O - the ring of Undoing (right hand) {AC+4 Dex+5}
   (You found it on level 11 of the Dungeon)

   [ring of protection]

   It affects your AC (+4).
   It affects your dexterity (+5).
 P - the brooch of Shielding (around neck) {Reflect SH+8}
   (You found it on level 4 of a ziggurat)

   [amulet of reflection]

   It shields you and reflects attacks.
   It affects your SH (+8).
Wands
 k - a wand of flame (28/48)
   (You found it on level 1 of the Realm of Zot)
 E - a wand of teleportation (4/9)
   (You found it on level 2 of the Swamp)
 T - a wand of heal wounds (0/9)
   (You took it off a naga mage on level 4 of the Snake Pit)
 X - a wand of digging (18/24)
   (You found it on level 2 of the Lair of Beasts)
Scrolls
 h - 16 scrolls of enchant armour
 i - 4 scrolls of identify
 j - 2 scrolls of teleportation
 m - a scroll of silence
 p - 22 scrolls of remove curse
 u - 11 scrolls of fog
 y - 3 scrolls of fear
 C - a scroll of recharging
Potions
 g - 5 potions of cancellation
 l - 3 potions of agility
 n - 9 potions of flight
 q - a potion of haste
 r - 5 potions of lignification {!q}
 s - 10 potions of might
 I - 23 potions of curing
 J - a potion of cure mutation {!q}
 Q - 2 potions of brilliance
 V - a potion of invisibility
Miscellaneous
 o - a sack of spiders
   (You found it on level 6 of the Pits of Slime)
 t - a phial of floods
   (You found it on level 4 of the Realm of Zot)
 x - a sack of spiders
   (You found it on level 6 of the Pits of Slime)
 F - a box of beasts
   (You found it on level 6 of the Pits of Slime)
 H - a stone of tremors
   (You found it on level 1 of the Swamp)
 L - a crystal ball of energy
   (You found it on level 3 of the Elven Halls)
 S - a lamp of fire
   (You found it on level 4 of the Lair of Beasts)
 U - a box of beasts
   (You found it on level 6 of the Pits of Slime)
 Y - a plain deck of changes
   (You found it on level 4 of the Vaults)
 Z - a fan of gales
   (You found it on level 11 of the Dungeon)
Comestibles
 c - 13 bread rations {@e1}
 D - 22 fruits


   Skills:
 + Level 13.2 Fighting
 - Level 12.2 Staves
 - Level 2.4 Armour
 + Level 22.0 Dodging
 + Level 21.1 Stealth
 + Level 20.1 Spellcasting
 + Level 13.3 Conjurations
 - Level 14.4 Charms
 - Level 5.7 Translocations
 - Level 11.0 Fire Magic
 - Level 6.8 Ice Magic
 + Level 15.8 Air Magic
 + Level 9.2 Earth Magic
   Level 9.4 Poison Magic
 + Level 18.0 Evocations


You had 8 spell levels left.
You knew the following spells:

 Your Spells              Type           Power        Failure   Level  Hunger
a - Iron Shot             Conj/Erth      ######....   1%          6    None
b - Conjure Flame         Conj/Fire      #######.     1%          3    None
d - Fireball              Conj/Fire      #######...   1%          5    None
e - Orb of Destruction    Conj           #######...   2%          7    None
g - Bolt of Fire          Conj/Fire      #######...   1%          6    None
i - Freezing Cloud        Conj/Ice/Air   #######...   1%          6    None
j - Airstrike             Air            #######...   1%          4    None
l - Blink                 Tloc           N/A          1%          2    None
m - Passage of Golubria   Tloc           N/A          1%          4    None
n - Passwall              Trmt/Erth      ######....   1%          2    None
q - Haste                 Chrm           #######.     1%          6    None
t - Deflect Missiles      Chrm/Air       #######...   1%          6    None


Dungeon Overview and Level Annotations

Branches:
Dungeon (15/15)            Temple (0/1) D:6            Lair (8/8) D:10
  Swamp (4/4) Lair:5        Snake (4/4) Lair:4        Slime (6/6) Lair:6
    Orc (2/2) D:12            Elf (3/3) Orc:2        Vaults (4/5) D:14
  Crypt (0/3) Vaults:3     Depths (5/5) D:15            Zot (5/5) Depths:5

Altars:
Dithmenos
Fedhas
Gozag
Nemelex Xobeh
Ru
Sif Muna
Trog
Vehumet
Xom
Zin
The Shining One
Beogh
Jiyva
Lugonu

Shops:
D:9 *   Orc:2 }=*?   Snake:2 :   Snake:3 =(?!   Snake:4 ?   Vaults:2 !

Portals:
Hell: Depths:1 Depths:2 Depths:3 Depths:4 Depths:5
Abyss: Depths:3 Depths:4 Depths:5
Pandemonium: Depths:3 Depths:5
Trove: Vaults:1 (give Handbook of the Assistive Compass)

Annotations:
D:7 exclusion: Joseph, Joseph
Lair:2 exclusion: hydra
Lair:6 exclusion: ice statue
Slime:6 1 exclusion
Elf:2 3 runed doors
Depths:1 exclusion: orange crystal statue, Wingboner's ghost, veteran MfGl


Innate Abilities, Weirdness & Mutations

You are tiny and cannot use many weapons and most armour.
You have supernaturally acute eyesight.
You are a herbivore.
You cover ground extremely quickly.
You need consume almost no food.


Message History

Unknown command.
You take 28 damage, and have 108/136 hp.
MASSIVE DAMAGE!!
You now have 40/48 mp.
Aim: an orb of fire (lightly damaged)
The iron shot hits the orb of fire.
You now have 35/48 mp.
Unknown command.
Aim: an orb of fire (moderately damaged)
The iron shot misses the orb of fire.
Unknown command.
You now have 29/48 mp.
Aim: an orb of fire (moderately damaged)
The iron shot hits the orb of fire.
An orb of fire comes into view.
You now have 23/48 mp.
Unknown command.
Aim: an orb of fire (heavily damaged)
You miscast Iron Shot.
Nothing appears to happen.
The orb of fire glows bright magenta.
The bolt of fire hits you! You resist.
You take 22 damage, and have 87/136 hp.
You now have 17/48 mp.
Aim: an orb of fire (heavily damaged)
The iron shot misses the orb of fire.
Unknown command.
You now have 12/48 mp.
Aim: an orb of fire (heavily damaged)
The iron shot hits the orb of fire.
The orb of fire glows red.
The fireball explodes!
The fireball engulfs you! You resist.
Unknown command.
You take 30 damage, and have 58/136 hp.
MASSIVE DAMAGE!!
You now have 6/48 mp.
The orb of fire glows bright magenta.
The fireball explodes!
The fireball engulfs you! You resist.
You take 15 damage, and have 43/136 hp.
The orb of fire emits a lurid red light.
The fireball explodes!
The fireball engulfs you! You resist.
* * * LOW HITPOINT WARNING * * *
You take 15 damage, and have 28/136 hp.
Unknown command.
Read which item? (? for menu, Esc to quit)
Okay, then.
Drink which item? (? for menu, Esc to quit)
Okay, then.
You feel much better.
This wand has 1 charge left.
The orb of fire glows yellow.
The bolt of fire misses you.
You regained 27 hp, and now have 55/136 hp.
Read which item? (? for menu, Esc to quit)
As you read the scroll of teleportation, it crumbles to dust.
You feel strangely unstable.
The orb of fire glows yellow.
The fireball explodes!
The fireball engulfs you! You resist.
* * * LOW HITPOINT WARNING * * *
The ancient lich gestures at you while chanting.
The poison arrow hits you!
You are poisoned.
You partially resist.
* * * LOW HITPOINT WARNING * * *
You take 30 damage, and have 25/136 hp.
MASSIVE DAMAGE!!
Drink which item? (? for menu, Esc to quit)
Okay, then.
You feel much better.
This wand has 0 charges left.
You feel sick.
You regained 22 hp, and now have 47/136 hp.
Read which item? (? for menu, Esc to quit)
Charge which item? (? for menu, Esc to quit)
As you read the scroll of recharging, it crumbles to dust.
Your wand of heal wounds (0/9) glows for a moment and now has 2 charges.
You feel sick.
The orb of fire glows red.
The fireball explodes!
The fireball engulfs you! You resist.
* * * LOW HITPOINT WARNING * * *
You take 45 damage, and have 2/136 hp.
MASSIVE DAMAGE!!
You feel much better.
This wand has 1 charge left.
You feel sick.
The orb of fire glows deep purple.
The fireball explodes!
The fireball engulfs you! You resist.
* * * LOW HITPOINT WARNING * * *
You regained 6 hp, and now have 8/136 hp.
You feel much better.
This wand has 0 charges left.
You feel sick.
The orb of fire glows red.
The fireball explodes!
The fireball engulfs you! You resist.
* * * LOW HITPOINT WARNING * * *
The ancient lich casts a spell at you.
You feel haunted.
You take 4 damage, and have 4/136 hp.
This wand has no charges.
Drink which item? (? for menu, Esc to quit)
You feel better.
The orb of fire glows deep purple.
The fireball explodes!
The fireball engulfs the freezing wraith.
The freezing wraith is burned terribly!
The freezing wraith is destroyed!
The fireball engulfs you! You resist.
You die...

*#...........#* *,,,,,,,,,,,,,
*...........# *,,,,,,,,,,,,,
**,..........#* *,,,,,,,,,,,,,
*,,,..*.......* **,,,,,,,,,,,,
**,,,,.......,,** **,,,,,,,,,,,
*,,,,,,....,,,,,* **,,,,,,,,,,
****####.#******* ****#######
#....#################..)..8
#....**....@WL..............
######...############......#^#...
.........# #......#.#...
.........# #[.....#<#8..
......)..# #......###..#
.........# #)..........#
.........# #)..........#
##...#...# #<..........#
#...#...####### ##?..........


You could see 2 orbs of fire, an ancient lich and a phantasmal warrior.

Vanquished Creatures
  the Royal Jelly (Slime:6)
  3 ancient liches (Zot:5)
  Mara (Vaults:4)
  2 juggernauts (Depths:4)
  Sojobo (Depths:1)
  2 Killer Klowns (Zot:5)
  the Lernaean hydra (Swamp:4)
  7 caustic shrikes
  2 curse toes
  3 golden dragons
  Nikola (Elf:3)
  2 Ice Fiends (Zig:7)
  5 electric golems
  9 tentacled monstrosities
  3 Orb Guardians (Zot:5)
  6 liches
  2 titans
  3 deep elf blademasters (Elf:3)
  5 deep elf master archers (Elf:3)
  23 acid blobs
  4 death cobs
  Gastronok (D:12)
  5 shadow dragons
  8 tengu reavers
  7 storm dragons
  4 thorn hunters
  8 sphinxes
  8 azure jellies
  7 greater nagas
  2 draconian monks
  8 frost giants
  7 fire giants
  2 vault wardens
  7 deep elf sorcerers
  Maud (Orc:1)
  A balrug (Zig:4)
  Louise (Elf:3)
  A draconian scorcher (Zot:1)
  A draconian zealot (Depths:5)
  An orc warlord (Vaults:4)
  2 cacodemons
  2 ghouls (D:14)
  3 iron dragons (Depths:4)
  4 spriggan defenders (Depths:2)
  2 draconian shifters (Zot:2)
  10 ironheart preservers
  14 stone giants
  4 deep elf elementalists
  A draconian annihilator (Zot:1)
  6 draconian callers
  A juggernaut skeleton (Depths:1)
  15 very ugly things
  6 green draconians
  4 vampire knights
  4 red draconians
  3 black draconians
  2 dire elephants (Lair:8)
  3 deep elf demonologists (Elf:3)
  Azrael (Snake:1)
  5 yellow draconians
  5 purple draconians
  A salamander stormcaller (Depths:5)
  7 deep elf annihilators
  6 mottled draconians
  16 spark wasps
  7 white draconians
  15 vault guards
  Snorg (Orc:2)
  16 ettins
  A jiangshi (Vaults:3)
  13 fire dragons
  2 blizzard demons (Zig:7)
  A crystal guardian (Vaults:4)
  8 death oozes (Slime:6)
  5 deep elf death magi (Elf:3)
  17 great orbs of eyes
  23 naga warriors
  Fannar (Lair:3)
  4 rakshasas
  20 yaktaur captains
  6 entropy weavers
  4 deep elf high priests
  16 ice dragons
  3 ghost crabs (Swamp:4)
  23 hydras
  7 spriggan air magi
  Harold (Elf:3)
  A monstrous demonspawn (Depths:3)
  Erica (Orc:1)
  A catoblepas (Lair:5)
  10 centaur warriors
  17 anacondas
  5 death yaks (Lair:7)
  13 dancing weapons
  7 deep troll earth magi
  3 death knights
  7 tengu warriors
  A vampire mage (Vaults:3)
  9 deep troll shamans
  19 naga sharpshooters
  9 ogre magi
  A titan zombie (Depths:1)
  4 alligators
  An orc high priest (Orc:2)
  7 spriggan berserkers
  8 shock serpents
  A storm dragon zombie (Zig:7)
  A hell hog (Zig:4)
  2 iron giant zombies (Depths:1)
  A soul eater (Depths:3)
  29 deep elf knights
  9 skeletal warriors
  2 iron trolls
  2 fire crabs
  16 hell knights
  7 salamander mystics
  2 shadow wraiths
  5 unseen horrors
  11 swamp dragons
  3 spriggan druids (Depths:2)
  3 flayed ghosts
  28 deep trolls
  8 naga ritualists
  A shadow demon (Zig:1)
  An orange crystal statue (Depths:4)
  7 hill giants
  4 giant orange brains
  2 phantasmal warriors
  9 wizards
  A shadow dragon zombie (Zig:7)
  14 deep elf archers
  4 shambling mangroves
  10 orc knights
  67 deep elf magi
  2 mana vipers (shapeshifter)
  12 ironbrand convokers
  16 mana vipers
  7 wolf spiders
  A frost giant zombie (Depths:1)
  5 griffons
  7 necromancers
  A shadow dragon skeleton (Vaults:4)
  A wolf spider zombie (D:14)
  A shining eye (shapeshifter) (Depths:5)
  A manticore (D:15)
  A salamander (shapeshifter) (Vaults:1)
  2 sphinx zombies (Depths:1)
  7 orc sorcerers (Orc:2)
  4 shining eyes
  6 cyclopes
  53 ugly things
  2 stone giant zombies
  2 oklob plants (Swamp:2)
  17 moths of wrath
  3 hornets
  13 elephants (Lair:8)
  2 guardian serpents (shapeshifter)
  34 salamanders
  9 guardian serpents
  39 naga magi
  15 vault sentinels
  8 centaur zombies
  40 black mambas
  An orange demon (Depths:3)
  A rust devil (Zig:4)
  18 spiny frogs
  A water nymph (shapeshifter) (Zig:3)
  An eye of devastation (Slime:6)
  A smoke demon (Depths:5)
  A gargoyle (D:12)
  2 centaur skeletons
  8 komodo dragons
  2 rime drakes
  8 freezing wraiths
  2 redback zombies
  58 yaktaurs
  A komodo dragon (shapeshifter) (Vaults:3)
  A yaktaur (shapeshifter) (Depths:4)
  4 kobold demonologists
  A yaktaur zombie (Depths:1)
  A hellwing (Depths:5)
  An ice devil (Depths:2)
  A queen bee (D:10)
  2 entropy weaver zombies (Depths:1)
  6 tengu conjurers
  4 polar bears
  A yaktaur skeleton (Vaults:4)
  3 giant leeches
  8 trolls
  A queen bee (shapeshifter) (Depths:1)
  The ghost of Sagrath01 the Changer, an amateur DrTm of Okawaru (D:5)
  16 two-headed ogres
  30 blink frogs
  An ettin zombie (Zig:4)
  A harpy skeleton (D:15)
  4 bog bodies
  93 slime creatures
  A slime creature (shapeshifter) (Depths:2)
  8 boulder beetles
  An ice dragon zombie (Depths:1)
  11 air elementals
  6 shadows
  A redback (shapeshifter) (Depths:2)
  A tarantella (shapeshifter) (Vaults:4)
  10 redbacks
  2 wyverns
  11 spriggans
  4 water elementals
  20 humans
  53 yaks
  2 vampires (D:13)
  A fire bat (shapeshifter) (Depths:2)
  9 wraiths
  5 fire elementals
  A human (shapeshifter) (Depths:4)
  2 hungry ghosts
  8 small abominations (Depths:4)
  A tarantella (Depths:2)
  36 vampire mosquitoes
  An elf skeleton (Zig:7)
  2 basilisks
  13 hippogriffs
  3 chaos spawn (Depths:4)
  A mottled dragon (D:11)
  8 wargs
  A steam dragon (D:11)
  A redback simulacrum (Vaults:1)
  3 large abominations (Depths:4)
  68 nagas
  18 water moccasins
  2 tengu zombies
  12 insubstantial wisps
  30 swamp worms
  5 hell hounds
  6 porcupines
  The ghost of Uhlv the Cudgeler, an amateur OgBe of Trog (D:3)
  3 giant eyeballs
  43 orc warriors
  8 ice beasts
  A sky beast (D:12)
  A swamp drake (shapeshifter) (D:15)
  An ettin simulacrum (Vaults:2)
  3 eyes of draining
  15 swamp drakes
  2 black bears
  24 wasps
  42 ogres
  2 necrophages
  23 centaurs
  19 boggarts
  28 wolves
  A centaur (shapeshifter) (Depths:4)
  13 crocodiles
  2 big kobolds
  3 earth elementals
  25 giant frogs
  2 wyvern zombies
  A scorpion (shapeshifter) (Vaults:1)
  2 wyvern skeletons
  5 scorpions
  39 killer bees
  23 jellies
  9 wights
  4 howler monkeys
  6 electric eels
  4 crimson imps
  6 giant frog zombies
  5 giant frog skeletons
  A gnoll shaman (D:8)
  34 orc priests
  6 hounds
  52 orc wizards
  An iron imp (Depths:1)
  8 iguanas
  11 worker ants
  A killer bee zombie (D:5)
  23 sheep
  3 hound skeletons
  2 mummies (D:14)
  A worker ant zombie (D:5)
  11 adders
  4 gnolls (D:8)
  42 river rats
  A shadow imp (D:5)
  2 white imps
  An ooze (D:2)
  An adder zombie (D:5)
  An adder skeleton (D:8)
  2 worms
  A worm (shapeshifter) (Depths:3)
  2 dart slugs
  4 giant geckos
  119 orcs
  9 bats
  4 giant cockroaches
  5 goblins
  5 hobgoblins
  9 jackals
  14 kobolds
  9 quokkas
  5 ball pythons
  6 giant newts
  A quokka skeleton (D:4)
  5 rats
  A bush (Lair:7)
  5 fungi
  12 plants
  A withered plant (D:14)
2616 creatures vanquished.

Vanquished Creatures (collateral kills)
  3 caustic shrikes
  2 tentacled monstrosities
  An acid blob (Slime:6)
  An orc warlord (Depths:1)
  A fire giant (Depths:4)
  A vault warden (Vaults:3)
  A stone giant (Depths:2)
  A vault guard (Vaults:3)
  A great orb of eyes (Zig:8)
  A deep elf high priest (Elf:1)
  An ogre mage (Zig:8)
  2 dancing weapons
  A deep elf knight (Elf:1)
  2 iron trolls (Depths:1)
  An obsidian statue (Zig:5)
  An ironbrand convoker (Vaults:3)
  4 deep elf magi
  A fire elemental (Elf:3)
  4 insubstantial wisps (Swamp:2)
  An ogre (Depths:3)
  A centaur (D:8)
  2 earth elementals
  3 crimson imps
37 creatures vanquished.

Vanquished Creatures (others)
  A fire giant (Vaults:3)
  A deep elf knight (Elf:3)
  A moth of wrath (Zot:5)
  A yaktaur (Vaults:2)
  A water moccasin (Lair:7)
  A porcupine (Lair:6)
  An electric eel (Lair:1)
  4 orcs (D:12)
  56 fungi
  25 plants
  A withered plant (Depths:1)
93 creatures vanquished.

Grand Total: 2746 creatures vanquished

Notes
Turn   | Place    | Note
--------------------------------------------------------------
     0 | D:1      | CcS the Spriggan Fire Elementalist began the quest for the Orb.
     0 | D:1      | Reached XP level 1. HP: 9/9 MP: 5/5
   139 | D:1      | Reached skill level 1 in Conjurations
   246 | D:1      | Reached XP level 2. HP: 13/13 MP: 2/6
   800 | D:1      | Reached skill level 2 in Conjurations
   875 | D:2      | Reached XP level 3. HP: 11/16 MP: 4/8
   960 | D:2      | Learned a level 3 spell: Conjure Flame
  1011 | D:2      | Reached skill level 3 in Spellcasting
  1162 | D:2      | Found a blossoming altar of Fedhas.
  1652 | D:2      | Reached skill level 4 in Spellcasting
  1652 | D:2      | Reached XP level 4. HP: 21/21 MP: 6/11
  2082 | D:2      | Found a radiant altar of Vehumet.
  2302 | D:3      | Found a shimmering altar of Xom.
  2302 | D:3      | Found a glowing golden altar of the Shining One.
  2347 | D:3      | Found a sacrificial altar of Ru.
  2609 | D:3      | Noticed Uhlv's ghost (amateur OgBe)
  3233 | D:3      | Killed Uhlv's ghost
  3233 | D:3      | Reached skill level 6 in Spellcasting
  3233 | D:3      | Reached XP level 5. HP: 24/24 MP: 0/14
  3524 | D:3      | Reached skill level 3 in Fire Magic
  3584 | D:3      | Reached XP level 6. HP: 19/28 MP: 6/16
  3794 | D:2      | Became a worshipper of Vehumet
  4425 | D:4      | Reached skill level 3 in Conjurations
  4649 | D:4      | Learned a level 4 spell: Sticky Flame
  4655 | D:4      | Learned a level 5 spell: Fireball
  4659 | D:4      | Learned a level 3 spell: Inner Flame
  4835 | D:4      | Reached skill level 7 in Spellcasting
  5089 | D:4      | Reached XP level 7. HP: 25/32 MP: 11/18
  5256 | D:4      | Learned a level 2 spell: Throw Flame
  5613 | D:5      | Entered Level 5 of the Dungeon
  5799 | D:5      | Reached skill level 8 in Spellcasting
  5813 | D:5      | Reached * piety under Vehumet
  5813 | D:5      | Offered knowledge of Sting by Vehumet.
  5959 | D:5      | Noticed Sagrath01's ghost (amateur DrTm)
  6067 | D:5      | Killed Sagrath01's ghost
  6067 | D:5      | Reached skill level 4 in Fire Magic
  6720 | D:5      | Found a sparkling altar of Nemelex Xobeh.
  6866 | D:5      | Found a glowing silver altar of Zin.
  6867 | D:5      | Found an opulent altar of Gozag.
  6945 | D:5      | Reached XP level 8. HP: 36/36 MP: 15/21
  6951 | D:5      | Reached skill level 4 in Conjurations
  7188 | D:6      | Found a shadowy altar of Dithmenos.
  7402 | D:5      | Reached skill level 5 in Fire Magic
  7649 | D:6      | Reached skill level 9 in Spellcasting
  7942 | D:6      | Found a staircase to the Ecumenical Temple.
  8012 | D:6      | Reached skill level 10 in Spellcasting
  8210 | D:6      | Offered knowledge of Freeze by Vehumet.
  8336 | D:6      | Reached ** piety under Vehumet
  8415 | D:6      | Reached XP level 9. HP: 38/39 MP: 12/24
  8706 | D:6      | Reached skill level 5 in Conjurations
  9125 | D:7      | Noticed Joseph
  9317 | D:7      | Found a sparkling altar of Nemelex Xobeh.
  9742 | D:7      | Reached skill level 6 in Fire Magic
 10152 | D:8      | Reached skill level 11 in Spellcasting
 10201 | D:8      | Offered knowledge of Mephitic Cloud by Vehumet.
 10413 | D:8      | HP: 6/39 [giant frog zombie (4)]
 11109 | D:8      | Reached *** piety under Vehumet
 11286 | D:8      | Reached skill level 12 in Spellcasting
 11543 | D:8      | Reached skill level 1 in Fighting
 11598 | D:8      | Offered knowledge of Throw Icicle by Vehumet.
 11658 | D:8      | Reached skill level 2 in Fighting
 11771 | D:8      | Found a deep blue altar of Sif Muna.
 11867 | D:8      | Reached XP level 10. HP: 41/47 MP: 14/27
 12128 | D:8      | Reached skill level 3 in Fighting
 12142 | D:8      | Reached **** piety under Vehumet
 12362 | D:9      | Reached skill level 4 in Dodging
 12425 | D:9      | Offered knowledge of Bolt of Magma by Vehumet.
 12554 | D:9      | Learned a level 5 spell: Bolt of Magma
 12625 | D:9      | Reached skill level 5 in Dodging
 12928 | D:9      | Found Haucw's Assorted Antiques.
 12942 | D:9      | Reached skill level 6 in Dodging
 12945 | D:9      | Bought a scroll labeled XAMEMA TIYM for 28 gold pieces
 12945 | D:9      | Bought a lumpy green potion for 25 gold pieces
 12945 | D:9      | Bought a scroll labeled ONTOLU ABBOIM for 28 gold pieces
 13209 | D:9      | You fall through a shaft for 3 floors!
 13209 | D:12     | Found a roughly hewn altar of Beogh.
 13209 | D:12     | Found a staircase to the Orcish Mines.
 13214 | D:12     | Noticed an unseen horror
 13233 | D:12     | Killed an unseen horror
 13233 | D:12     | Reached skill level 8 in Dodging
 13239 | D:12     | Noticed a cyclops
 13245 | D:12     | HP: 8/49 [orc warrior/exploding tomahawk (16)]
 13349 | D:11     | Noticed a cyclops
 13380 | D:11     | Found a frozen archway.
 13458 | D:11     | Noticed a hill giant
 13503 | D:11     | Killed a hill giant
 13503 | D:11     | Reached skill level 10 in Dodging
 13698 | D:11     | Noticed a hill giant
 13717 | D:11     | Killed a hill giant
 13877 | D:11     | Noticed a wolf spider
 13895 | D:11     | HP: 11/49 [wolf spider (18)]
 13906 | D:11     | HP: 12/49 [poisoned by a wolf spider]
 13911 | D:11     | HP: 7/49 [poisoned by a wolf spider]
 13916 | D:11     | HP: 3/49 [poisoned by a wolf spider]
 13923 | D:11     | Killed a wolf spider
 13923 | D:11     | Reached skill level 7 in Fire Magic
 14188 | D:11     | Noticed a griffon
 14207 | D:11     | Killed a griffon
 14271 | D:11     | Found a deep blue altar of Sif Muna.
 14316 | D:11     | Killed a cyclops
 14316 | D:11     | Reached XP level 11. HP: 52/52 MP: 3/28
 14351 | D:11     | Noticed an anaconda
 14382 | D:11     | Noticed a wolf spider
 14382 | D:11     | an anaconda changed into a wolf spider
 14432 | D:11     | Noticed a mana viper
 14437 | D:10     | Entered Level 10 of the Dungeon
 14900 | D:10     | Found a staircase to the Lair.
 14945 | D:10     | Reached ***** piety under Vehumet
 14945 | D:10     | Offered knowledge of Fulminant Prism by Vehumet.
 14945 | D:10     | Reached skill level 6 in Conjurations
 15757 | Lair:1   | Entered Level 1 of the Lair of Beasts
 15826 | Lair:1   | Reached skill level 7 in Conjurations
 16224 | Lair:1   | Reached skill level 8 in Fire Magic
 16408 | Lair:1   | Offered knowledge of Iskenderun's Battlesphere by Vehumet.
 16415 | Lair:1   | You fall through a shaft!
 16418 | Lair:2   | Noticed a six-headed hydra
 16922 | Lair:1   | Reached skill level 13 in Spellcasting
 18086 | Lair:2   | Killed a six-headed hydra
 18086 | Lair:2   | Reached skill level 9 in Fire Magic
 18214 | Lair:2   | Reached XP level 12. HP: 56/56 MP: 3/30
 18426 | Lair:2   | Noticed a five-headed hydra
 18429 | Lair:2   | Killed a five-headed hydra
 19326 | Lair:3   | Reached skill level 8 in Conjurations
 19879 | Lair:3   | Noticed Fannar
 19883 | Lair:3   | Killed Fannar
 19883 | Lair:3   | Reached skill level 4 in Fighting
 20268 | Lair:4   | Noticed a six-headed hydra
 20273 | Lair:4   | Killed a six-headed hydra
 20454 | Lair:4   | Reached skill level 5 in Fighting
 20708 | Lair:4   | Reached skill level 6 in Fighting
 21333 | Lair:4   | Reached skill level 11 in Dodging
 21343 | Lair:4   | Found a staircase to the Snake Pit.
 21736 | Lair:4   | Reached skill level 12 in Dodging
 21883 | Lair:4   | Offered knowledge of Delayed Fireball by Vehumet.
 22243 | Lair:4   | Reached skill level 13 in Dodging
 22666 | Lair:5   | Reached XP level 13. HP: 52/65 MP: 17/31
 22704 | Lair:5   | Reached skill level 14 in Dodging
 22905 | Lair:5   | Found a staircase to the Swamp.
 23830 | Lair:6   | Reached skill level 7 in Fighting
 23970 | Lair:6   | Reached skill level 4 in Stealth
 24238 | Lair:6   | Reached skill level 5 in Stealth
 24247 | Lair:6   | Reached skill level 6 in Stealth
 24483 | Lair:6   | Reached skill level 7 in Stealth
 24705 | Lair:6   | Reached skill level 8 in Stealth
 24855 | Lair:6   | Reached skill level 9 in Stealth
 25236 | Lair:6   | Reached skill level 10 in Stealth
 25308 | Lair:6   | Found a viscous altar of Jiyva.
 25308 | Lair:6   | Found a staircase to the Slime Pits.
 25416 | Lair:7   | Offered knowledge of Bolt of Fire by Vehumet.
 25426 | Lair:7   | Learned a level 6 spell: Bolt of Fire
 26652 | Lair:7   | Reached skill level 8 in Fighting
 28742 | Lair:8   | Entered Level 8 of the Lair of Beasts
 29018 | Lair:8   | Reached ****** piety under Vehumet
 29562 | Lair:8   | Reached XP level 14. HP: 74/74 MP: 9/32
 29565 | Lair:8   | Offered knowledge of Freezing Cloud by Vehumet.
 30139 | Lair:8   | Reached skill level 9 in Conjurations
 31813 | Lair:8   | Reached skill level 10 in Fire Magic
 31860 | Lair:8   | HP: 11/74 [dire elephant (28)]
 32541 | D:11     | Got a pitted ivory ring
 32563 | D:11     | Identified the ring of Undoing {AC+4 Dex+5} (You found it on level 11 of the Dungeon)
 33823 | D:12     | Noticed Gastronok
 34107 | D:12     | Offered knowledge of Conjure Ball Lightning by Vehumet.
 34501 | D:12     | Reached skill level 11 in Fire Magic
 35322 | D:12     | Killed Gastronok
 35899 | Orc:1    | Entered Level 1 of the Orcish Mines
 36012 | Orc:1    | Reached skill level 14 in Spellcasting
 36041 | Orc:1    | Noticed Maud
 37230 | D:13     | Reached skill level 15 in Spellcasting
 37981 | D:14     | Noticed a ghoul
 38007 | D:13     | Offered knowledge of Poison Arrow by Vehumet.
 38007 | D:13     | Reached XP level 15. HP: 53/78 MP: 10/35
 38540 | D:14     | Reached skill level 16 in Spellcasting
 39024 | D:14     | Upgraded the game from 0.18.1-6-gd335043 to 0.18.1-8-gdd0e5ea
 39980 | D:13     | HP: 14/78 [griffon (7)]
 40669 | D:14     | Reached skill level 10 in Conjurations
 40873 | D:14     | Offered knowledge of Glaciate by Vehumet.
 40873 | D:14     | Offered knowledge of Chain Lightning by Vehumet.
 40873 | D:14     | Offered knowledge of Tornado by Vehumet.
 41140 | D:14     | Found a gate to the Vaults.
 41609 | Orc:1    | Noticed Erica
 41614 | Orc:1    | Killed Erica
 42015 | Orc:2    | Entered Level 2 of the Orcish Mines
 42202 | Orc:2    | Found a staircase to the Elven Halls.
 42236 | Orc:2    | Found a bloodstained altar of Trog.
 42265 | Orc:2    | Noticed Snorg
 42269 | Orc:2    | Killed Snorg
 42449 | Orc:2    | Reached skill level 17 in Spellcasting
 43525 | Orc:2    | Found Fatac's Jewellery Shop.
 43525 | Orc:2    | Found Cusohila's Magic Scroll Boutique.
 43526 | Orc:2    | Found Agitz's Assorted Antiques.
 43529 | Orc:2    | Found Jufen's Gadget Shop.
 43534 | Orc:2    | Bought a potion of curing for 81 gold pieces
 43534 | Orc:2    | Bought a potion of curing for 81 gold pieces
 43534 | Orc:2    | Bought a scroll of teleportation for 81 gold pieces
 44380 | D:14     | Reached skill level 11 in Conjurations
 44593 | D:15     | Entered Level 15 of the Dungeon
 44685 | D:15     | Reached skill level 15 in Dodging
 45099 | D:15     | Found a staircase to the Depths.
 45508 | D:15     | Reached XP level 16. HP: 77/83 MP: 4/38
 46152 | Snake:1  | Entered Level 1 of the Snake Pit
 46155 | Snake:1  | Reached skill level 16 in Dodging
 46225 | Swamp:1  | Entered Level 1 of the Swamp
 47433 | Swamp:1  | Reached skill level 17 in Dodging
 48100 | Swamp:2  | Noticed a thorn hunter
 48102 | Swamp:2  | Killed a thorn hunter
 48102 | Swamp:2  | Reached skill level 1 in Armour
 48282 | Swamp:1  | Reached skill level 2 in Armour
 48389 | Swamp:2  | Noticed a thorn hunter
 48763 | Swamp:1  | Reached skill level 1 in Staves
 50201 | Swamp:2  | Killed a thorn hunter
 50201 | Swamp:2  | Reached skill level 2 in Staves
 50217 | Swamp:2  | Identified a scroll of acquirement
 50218 | Swamp:2  | Got a wizard robe
 50229 | Swamp:2  | Identified the +2 robe of Modesty {rElec rCorr MP-9 Slay+3} (You acquired it on level 2 of the Swamp)
 50912 | Swamp:2  | Reached skill level 3 in Staves
 50986 | Swamp:2  | Identified the Handbook of Air
 50997 | Swamp:2  | Learned a level 2 spell: Repel Missiles
 51834 | Swamp:3  | Reached skill level 4 in Staves
 51836 | Swamp:3  | Noticed a thorn hunter
 51949 | Swamp:3  | Killed a thorn hunter
 52211 | Swamp:3  | Learned a level 6 spell: Poisonous Cloud
 52552 | Swamp:3  | Learned a level 6 spell: Freezing Cloud
 52609 | Swamp:3  | Reached skill level 1 in Air Magic
 52906 | Swamp:3  | Reached skill level 2 in Air Magic
 53697 | Lair:5   | Reached skill level 3 in Air Magic
 54010 | Snake:1  | Reached skill level 4 in Air Magic
 54208 | Snake:1  | Reached skill level 1 in Poison Magic
 54424 | Snake:1  | Reached skill level 1 in Ice Magic
 54754 | Snake:1  | Reached skill level 2 in Poison Magic
 54893 | Snake:1  | Noticed Azrael
 54910 | Snake:1  | HP: 10/83 [Azrael/damnation (36)]
 55140 | Lair:4   | Reached skill level 2 in Ice Magic
 55267 | Snake:1  | Killed Azrael
 55459 | Snake:1  | Reached skill level 3 in Poison Magic
 55935 | Snake:2  | Reached skill level 3 in Ice Magic
 56222 | Snake:2  | Reached XP level 17. HP: 86/86 MP: 20/39
 56294 | Snake:2  | Reached skill level 4 in Poison Magic
 56587 | Snake:2  | Reached skill level 4 in Ice Magic
 57000 | Snake:2  | Reached skill level 5 in Poison Magic
 57247 | Snake:2  | Found Puyllas's Book Shoppe.
 57259 | Snake:2  | Bought a book of Enchantments for 750 gold pieces
 57259 | Snake:2  | Bought a book of the Sky for 975 gold pieces
 57264 | Snake:2  | Learned a level 4 spell: Airstrike
 57271 | Snake:2  | Learned a level 6 spell: Deflect Missiles
 58490 | Snake:3  | Found Piablum's Jewellery Emporium.
 58500 | Snake:3  | Reached skill level 5 in Air Magic
 58526 | Snake:3  | Reached skill level 5 in Ice Magic
 59012 | Snake:3  | Found Iskaurgh's Magic Scroll Shop.
 59200 | Snake:2  | Reached skill level 6 in Poison Magic
 59421 | Swamp:4  | Entered Level 4 of the Swamp
 59857 | Swamp:3  | Reached skill level 6 in Air Magic
 60456 | Swamp:3  | Reached skill level 6 in Ice Magic
 60711 | Swamp:4  | Reached skill level 7 in Poison Magic
 60867 | Swamp:4  | Noticed the 27-headed Lernaean hydra
 60883 | Swamp:4  | Killed the 27-headed Lernaean hydra
 61178 | Swamp:4  | Got a decaying rune of Zot
 61331 | Swamp:4  | Reached skill level 7 in Air Magic
 62723 | Vaults:1 | Entered Level 1 of the Vaults
 62951 | Vaults:1 | Found a portal to a secret trove of treasure.
 64005 | Vaults:1 | Reached skill level 11 in Stealth
 64622 | Vaults:1 | Reached XP level 18. HP: 91/91 MP: 25/40
 64669 | Vaults:1 | Reached skill level 12 in Stealth
 66077 | Vaults:1 | Reached skill level 1 in Evocations
 66203 | Vaults:2 | Reached skill level 1 in Charms
 66360 | Vaults:2 | Reached skill level 2 in Charms
 66516 | Vaults:2 | Reached skill level 3 in Charms
 66619 | Vaults:2 | Found Rellohote's Distillery.
 66626 | Vaults:2 | Bought a potion of haste for 180 gold pieces
 66626 | Vaults:2 | Bought a potion of curing for 54 gold pieces
 66626 | Vaults:2 | Bought a potion of curing for 54 gold pieces
 66626 | Vaults:2 | Bought a potion of agility for 72 gold pieces
 66626 | Vaults:2 | Bought a potion of resistance for 180 gold pieces
 66649 | Vaults:2 | Reached skill level 4 in Charms
 66733 | Vaults:2 | Reached skill level 5 in Charms
 67007 | Vaults:2 | Reached skill level 6 in Charms
 67059 | Vaults:2 | Reached skill level 7 in Charms
 67314 | Vaults:2 | Reached skill level 8 in Charms
 67691 | Vaults:2 | Reached skill level 9 in Charms
 67981 | Vaults:2 | Reached skill level 10 in Charms
 68427 | Vaults:3 | Reached skill level 11 in Charms
 68540 | Vaults:3 | Found a staircase to the Crypt.
 68993 | Vaults:3 | Reached skill level 12 in Charms
 69307 | Vaults:3 | Reached skill level 13 in Charms
 69477 | Vaults:3 | Reached skill level 14 in Charms
 69991 | Vaults:3 | Reached skill level 2 in Evocations
 70215 | Vaults:3 | Reached skill level 3 in Evocations
 70435 | Vaults:3 | Reached skill level 4 in Evocations
 70579 | Vaults:3 | Reached skill level 5 in Evocations
 71266 | Vaults:3 | Reached skill level 6 in Evocations
 71543 | Vaults:3 | Reached XP level 19. HP: 95/95 MP: 28/41
 71706 | Vaults:3 | Reached skill level 7 in Evocations
 71877 | Vaults:3 | Reached skill level 8 in Evocations
 72193 | Vaults:4 | Reached skill level 9 in Fighting
 73610 | Vaults:1 | Reached skill level 10 in Fighting
 74271 | Snake:3  | Bought a scroll of identify for 24 gold pieces
 74271 | Snake:3  | Bought a scroll of identify for 24 gold pieces
 74271 | Snake:3  | Bought a scroll of identify for 24 gold pieces
 75448 | Snake:3  | HP: 24/99 [salamander/arrow (3)]
 75453 | Snake:3  | HP: 23/99 [poisoned by a greater naga (poison arrow)]
 75660 | Snake:3  | Reached skill level 11 in Fighting
 75765 | Snake:3  | Found Juidiebb's Weapon Shoppe.
 76379 | Snake:3  | Found Cibiseid's Distillery.
 76387 | Snake:3  | Bought a potion of heal wounds for 70 gold pieces
 76387 | Snake:3  | Bought a potion of heal wounds for 70 gold pieces
 76387 | Snake:3  | Bought 2 potions of curing for 84 gold pieces
 76500 | Snake:4  | Entered Level 4 of the Snake Pit
 76534 | Snake:4  | Reached skill level 18 in Dodging
 78347 | Snake:4  | Reached skill level 8 in Air Magic
 79685 | Snake:4  | Reached skill level 9 in Air Magic
 80042 | Snake:4  | Reached XP level 20. HP: 95/105 MP: 12/42
 80217 | Snake:4  | Reached skill level 9 in Evocations
 80437 | Snake:4  | Got a serpentine rune of Zot
 81201 | Snake:4  | Reached skill level 10 in Evocations
 81420 | Snake:4  | Found Feoqau's Magic Scroll Emporium.
 81877 | Snake:4  | Reached skill level 11 in Evocations
 82306 | Snake:4  | Reached skill level 12 in Evocations
 82826 | Snake:4  | Bought a scroll of recharging for 209 gold pieces
 82826 | Snake:4  | Bought a scroll of identify for 44 gold pieces
 82838 | Snake:4  | Bought a scroll of fog for 44 gold pieces
 83078 | Snake:4  | Reached skill level 5 in Staves
 83921 | Depths:1 | Entered Level 1 of the Depths
 84151 | Depths:1 | Reached skill level 6 in Staves
 84732 | Depths:1 | Reached skill level 13 in Evocations
 85036 | Depths:1 | Noticed Wingboner's ghost (veteran MfGl)
 86088 | Depths:1 | Noticed Sojobo
 86118 | Depths:1 | Reached skill level 14 in Evocations
 86848 | Depths:1 | Killed Sojobo
 87297 | Depths:1 | Reached skill level 8 in Poison Magic
 87649 | Orc:1    | Killed Maud
 87840 | Elf:1    | Entered Level 1 of the Elven Halls
 88101 | Orc:2    | HP: 22/105 [scimitar of slicing (28)]
 89065 | Elf:1    | Reached skill level 9 in Poison Magic
 89953 | Elf:1    | Identified a +3 rod of inaccuracy (12/12) (You found it on level 1 of the Elven Halls)
 90427 | Elf:2    | Reached skill level 10 in Air Magic
 91425 | Elf:2    | Reached XP level 21. HP: 109/109 MP: 16/43
 92258 | Elf:2    | Found a runed gate.
 92258 | Elf:2    | Found a runed gate.
 92258 | Elf:2    | Found a runed gate.
 92420 | Elf:3    | Entered Level 3 of the Elven Halls
 92894 | Elf:3    | Noticed Louise
 92895 | Elf:3    | Noticed Harold
 93124 | Elf:3    | Reached skill level 13 in Stealth
 93553 | Elf:3    | Reached skill level 14 in Stealth
 93833 | Elf:3    | Noticed Nikola
 93852 | Elf:3    | Killed Nikola
 94013 | Elf:3    | Reached skill level 15 in Stealth
 94576 | Elf:3    | Killed Harold
 94582 | Elf:3    | Reached skill level 16 in Stealth
 94891 | Elf:3    | Killed Louise
 95586 | Elf:3    | Reached skill level 17 in Stealth
 96455 | Elf:3    | Got a glittering bone ring
 96456 | Elf:3    | Identified the ring "Caaleos" {Fragile rC+ Str+3 SInv} (You took it off a deep elf master archer on level 3 of the Elven Halls)
 97062 | Elf:3    | Reached skill level 18 in Spellcasting
 97852 | Elf:3    | Got a brightly glowing war axe {flame}
 97957 | Elf:3    | Got a translucent amethyst amulet
 97959 | Elf:3    | Identified the amulet "Pih Beiph" {Spirit MR+ Int+2 Stlth+} (You found it on level 3 of the Elven Halls)
 98054 | Elf:3    | Identified the Reference Book on Calling and Malediction (You found it on level 3 of the Elven Halls)
 98968 | Depths:1 | Noticed a caustic shrike
 98968 | Depths:1 | Noticed a caustic shrike
 98968 | Depths:1 | Noticed a caustic shrike
 99363 | Depths:1 | Reached skill level 11 in Air Magic
 99817 | Depths:1 | Found a gateway to Hell.
 99875 | Depths:1 | Reached XP level 22. HP: 114/114 MP: 14/45
 99997 | Depths:1 | Learned a level 2 spell: Blink
100039 | Depths:1 | Learned a level 4 spell: Passage of Golubria
100068 | Depths:1 | Reached skill level 1 in Translocations
100070 | Depths:1 | Reached skill level 2 in Translocations
100201 | Depths:1 | Identified Waqeup's Guide on Evil Magic
100295 | Depths:1 | Reached skill level 3 in Translocations
100609 | Depths:2 | Reached skill level 4 in Translocations
100871 | Depths:2 | Reached skill level 5 in Translocations
101409 | Depths:2 | Reached skill level 12 in Conjurations
102970 | Depths:2 | Got a polished rapier
102971 | Depths:2 | Identified the cursed +2 rapier of Might {elec, rPois} (You found it on level 2 of the Depths)
104414 | Depths:3 | Reached skill level 12 in Fighting
104874 | Depths:3 | Noticed a caustic shrike
104882 | Depths:3 | Killed a caustic shrike
104998 | Depths:3 | Reached skill level 19 in Dodging
105952 | Depths:3 | Found a one-way gate leading to the halls of Pandemonium.
106234 | Depths:3 | Gained mutation: You have large cloven feet. [a cacodemon]
106442 | Depths:3 | Reached skill level 20 in Dodging
106870 | Depths:3 | Found a one-way gate to the infinite horrors of the Abyss.
107175 | Depths:3 | HP: 22/116 [spriggan air mage/the air (24)]
107216 | Depths:3 | Gained mutation: You tend to lose your temper in combat. [a cacodemon]
107634 | Depths:3 | Gained mutation: You often lose your temper in combat. [a cacodemon]
107635 | Depths:3 | Gained mutation: You are weak. (Str -2) [a cacodemon]
107640 | Depths:3 | Gained mutation: You have an uncontrollable temper. [a cacodemon]
107642 | Depths:3 | Gained mutation: Armour fits poorly on your strangely shaped body. [a cacodemon]
108805 | Depths:3 | Noticed a caustic shrike
108831 | Depths:3 | Reached XP level 23. HP: 120/120 MP: 30/46
109699 | Depths:2 | Reached skill level 19 in Spellcasting
109726 | Depths:2 | Lost mutation: You are weak. (Str -2) [potion of cure mutation]
109726 | Depths:2 | Lost mutation: Armour fits poorly on your strangely shaped body. [potion of cure mutation]
109726 | Depths:2 | Lost mutation: You have an uncontrollable temper. [potion of cure mutation]
109726 | Depths:2 | Lost mutation: You often lose your temper in combat. [potion of cure mutation]
109726 | Depths:2 | Lost mutation: You have large cloven feet. [potion of cure mutation]
109726 | Depths:2 | Lost mutation: You tend to lose your temper in combat. [potion of cure mutation]
110112 | Depths:2 | Identified a -1 rod of shadows (10/10) (You found it on level 2 of the Depths)
110651 | Depths:4 | Found a gateway to a ziggurat.
111876 | Depths:4 | Reached skill level 12 in Air Magic
111887 | Depths:4 | Noticed a caustic shrike
111905 | Depths:4 | Killed a caustic shrike
112309 | Depths:4 | Noticed a caustic shrike
113267 | Depths:4 | Reached skill level 18 in Stealth
114032 | Depths:4 | Reached skill level 19 in Stealth
114125 | Depths:4 | Killed a caustic shrike
114752 | Depths:4 | Noticed a caustic shrike
114773 | Depths:4 | Killed a caustic shrike
114811 | Depths:4 | Reached skill level 20 in Stealth
115192 | Depths:4 | Reached skill level 15 in Evocations
115945 | Depths:4 | Noticed a juggernaut
115996 | Depths:4 | HP: 8/120 [juggernaut (39)]
116026 | Depths:4 | Killed a juggernaut
116026 | Depths:4 | Reached skill level 16 in Evocations
116745 | Depths:4 | Reached XP level 24. HP: 124/124 MP: 32/47
116829 | Depths:4 | Reached skill level 17 in Evocations
118066 | Zig:1    | Entered Level 1 of a ziggurat
118188 | Zig:2    | Entered Level 2 of a ziggurat
118196 | Zig:2    | Reached skill level 13 in Air Magic
118347 | Zig:2    | Got a scintillating copper ring
118350 | Zig:2    | Identified the ring "Feted" {rPois rF+ MR+ Dex+3 SInv} (You found it on level 2 of a ziggurat)
118366 | Zig:3    | Entered Level 3 of a ziggurat
118542 | Zig:4    | Entered Level 4 of a ziggurat
118907 | Zig:4    | Got a bloodstained war axe
118916 | Zig:5    | Entered Level 5 of a ziggurat
118935 | Zig:6    | Entered Level 6 of a ziggurat
118969 | Zig:6    | Noticed Wuson the pandemonium lord
118983 | Zig:6    | HP: 31/124 [balrug/divine providence (10)]
118983 | Zig:6    | HP: 11/124 [blizzard demon/the air (20)]
118986 | Zig:7    | Entered Level 7 of a ziggurat
119422 | Zig:8    | Entered Level 8 of a ziggurat
119457 | Zig:8    | Identified Kypeh's Guide on Shape Shifting (You found it on level 8 of a ziggurat)
119618 | Depths:4 | Found a gateway to a bazaar.
119653 | Depths:4 | Noticed a juggernaut
119653 | Depths:4 | Noticed a juggernaut
119766 | Bazaar   | Entered a bazaar
119788 | Bazaar   | Found Hiryotuf's Magic Scroll Shoppe.
119792 | Bazaar   | Bought a scroll of teleportation for 42 gold pieces
119803 | Bazaar   | Found Witof's Armour Shoppe.
119807 | Bazaar   | Bought a +2 robe of the Archmagi for 452 gold pieces
119818 | Bazaar   | Found Dasapnum's Antique Weapon Shoppe.
119818 | Bazaar   | Found Utir Buf's Food Emporium.
119888 | Bazaar   | Bought a scroll of acquirement for 728 gold pieces
119893 | Bazaar   | Learned a level 2 spell: Passwall
120078 | Depths:5 | Entered Level 5 of the Depths
120234 | Depths:5 | Reached skill level 14 in Air Magic
120396 | Depths:5 | Found a corrupted altar of Lugonu.
121282 | Depths:5 | Noticed a juggernaut
121389 | Depths:4 | Killed a juggernaut
122282 | Depths:3 | CcS: this game
122282 | Depths:3 | CcS: ...
122288 | Depths:3 | Reached skill level 15 in Air Magic
123192 | Orc:2    | Bought a scroll of immolation for 52 gold pieces
123515 | Snake:3  | Bought a scroll of immolation for 42 gold pieces
123515 | Snake:3  | Bought a scroll of fear for 42 gold pieces
123640 | Slime:1  | Entered Level 1 of the Pits of Slime
124110 | Slime:2  | Reached skill level 21 in Dodging
124455 | Slime:3  | Gained mutation: Your body sometimes deteriorates upon taking damage. [a shining eye]
125596 | Slime:6  | Entered Level 6 of the Pits of Slime
125793 | Slime:6  | Reached skill level 7 in Staves
125801 | Slime:6  | Gained mutation: You tend to lose your temper in combat. [a shining eye]
126275 | Slime:6  | Found a viscous altar of Jiyva.
126277 | Slime:6  | Noticed the Royal Jelly
126296 | Slime:6  | Reached skill level 8 in Staves
126297 | Slime:6  | Killed the Royal Jelly
126362 | Slime:6  | Reached skill level 9 in Staves
126362 | Slime:6  | Reached XP level 25. HP: 97/130 MP: 10/47
126950 | Slime:6  | CcS: #hype
126957 | Slime:6  | Learned a level 6 spell: Iron Shot
126959 | Slime:6  | Got a slimy rune of Zot
127013 | Slime:6  | Got a transparent silver ring
127017 | Slime:6  | Identified the cursed ring "Wiklodugoxt" {rN+ Dex-3 Slay+2} (You found it on level 6 of the Pits of Slime)
127022 | Slime:6  | Got a scorched iron ring
127037 | Slime:6  | Identified the ring of the Komtur {rF+ MP-9 Str+4} (You found it on level 6 of the Pits of Slime)
127255 | Slime:3  | Reached skill level 1 in Earth Magic
127904 | Vaults:4 | Reached skill level 2 in Earth Magic
128020 | Vaults:4 | Reached skill level 3 in Earth Magic
128441 | Vaults:4 | Reached skill level 4 in Earth Magic
128521 | Vaults:4 | Reached skill level 5 in Earth Magic
128552 | Vaults:4 | Noticed Mara
128749 | Vaults:4 | Noticed CcS's illusion
128752 | Vaults:4 | Killed Mara
128752 | Vaults:4 | Reached skill level 6 in Earth Magic
129424 | Vaults:4 | Reached skill level 7 in Earth Magic
130523 | Elf:3    | Learned a level 7 spell: Orb of Destruction
131066 | Depths:3 | HP: 29/130 [caustic shrike (26)]
131099 | Depths:3 | Reached skill level 10 in Staves
131370 | Depths:3 | HP: 21/130 [caustic shrike (21)]
131371 | Depths:3 | CcS: shit
132779 | D:9      | Bought 2 scrolls of amnesia for 196 gold pieces
133073 | Vaults:1 | Learned a level 6 spell: Haste
133739 | Depths:4 | Reached skill level 11 in Staves
135661 | Depths:5 | Found a gate to the Realm of Zot.
135664 | Depths:5 | Reached skill level 12 in Staves
136532 | Zot:1    | Entered Level 1 of the Realm of Zot
137749 | Zot:1    | Lost mutation: You tend to lose your temper in combat. [potion of cure mutation]
137749 | Zot:1    | Lost mutation: Your body sometimes deteriorates upon taking damage. [potion of cure mutation]
138467 | Zot:1    | Reached XP level 26. HP: 135/135 MP: 12/47
139762 | Zot:1    | Reached skill level 13 in Conjurations
140147 | Zot:1    | Reached skill level 8 in Earth Magic
143264 | Zot:5    | Entered Level 5 of the Realm of Zot
143786 | Zot:5    | Noticed an ancient lich
143932 | Zot:5    | Killed an ancient lich
143932 | Zot:5    | Reached skill level 13 in Fighting
144213 | Zot:5    | Noticed an ancient lich
144227 | Zot:5    | Killed an ancient lich
144227 | Zot:5    | Reached skill level 20 in Spellcasting
144324 | Zot:5    | HP: 24/136 [electric golem (17)]
144518 | Zot:5    | Noticed an ancient lich
144529 | Zot:5    | Killed an ancient lich
144830 | Zot:5    | Reached skill level 9 in Earth Magic
145089 | Zot:5    | Reached skill level 21 in Stealth
145243 | Zot:5    | Reached skill level 18 in Evocations
145427 | Zot:5    | Noticed an ancient lich
145746 | Zot:4    | Reached skill level 22 in Dodging
145873 | Zot:5    | Noticed an orb of fire
145879 | Zot:5    | Noticed an orb of fire
145887 | Zot:5    | HP: 28/136 [orb of fire/fireball (15)]
145892 | Zot:5    | HP: 2/136 [orb of fire/fireball (44)]
145895 | Zot:5    | Killed from afar by an orb of fire

Skill      XL: |  1  2  3  4  5  6  7  8  9 10 11 12 13 14 15 16 17 18 19 20 21 22 23 24 25 26 |
---------------+-------------------------------------------------------------------------------+-----
Conjurations   | 1 2 3 4 5 7 8 9 11 12 13 | 13.3
Spellcasting   | 4 6 7 8 10 12 13 15 17 18 19 20 | 20.1
Fire Magic     | 3 4 5 6 7 9 11 | 11.0
Fighting       | 2 3 6 8 11 12 13 | 13.2
Dodging        | 10 13 14 15 17 18 20 21 22 | 22.0
Stealth        | 10 11 12 17 20 21 | 21.1
Armour         | 2 |  2.4
Staves         | 4 6 9 12 | 12.2
Air Magic      | 4 7 9 10 11 12 15 | 15.8
Poison Magic   | 3 7 9 |  9.4
Ice Magic      | 3 6 |  6.8
Evocations     | 6 8 14 16 17 18 | 18.0
Charms         | 14 | 14.4
Translocations | 5 |  5.7
Earth Magic    | 7 9 |  9.2

Action                   |  1- 3 |  4- 6 |  7- 9 | 10-12 | 13-15 | 16-18 | 19-21 | 22-24 | 25-27 || total
-------------------------+-------+-------+-------+-------+-------+-------+-------+-------+-------++-------
Melee: Unarmed           |     1 |       |       |       |       |       |       |       |       ||     1
       Short sword       |       |     5 |    39 |     5 |       |       |       |       |       ||    49
       Staff             |       |       |       |     6 |   401 |   668 |   510 |   172 |   318 ||  2075
       Kick              |       |       |       |       |       |       |       |    15 |       ||    15
 Cast: Flame Tongue      |    70 |   162 |   257 |   246 |    81 |       |       |       |       ||   816
       Conjure Flame     |       |     7 |    15 |     5 |     1 |       |     6 |       |       ||    34
       Sticky Flame      |       |     2 |    32 |   101 |   284 |   112 |    79 |    37 |     3 ||   650
       Throw Flame       |       |       |    18 |     4 |       |       |       |       |       ||    22
       Inner Flame       |       |       |    10 |     6 |     2 |       |       |       |       ||    18
       Fireball          |       |       |    14 |   124 |   404 |   492 |   100 |    33 |       ||  1167
       Bolt of Magma     |       |       |       |     7 |       |       |       |       |       ||     7
       Bolt of Fire      |       |       |       |       |   110 |   226 |   464 |   835 |    53 ||  1688
       Freezing Cloud    |       |       |       |       |       |   127 |   179 |    78 |    32 ||   416
       Repel Missiles    |       |       |       |       |       |     2 |       |       |       ||     2
       Poisonous Cloud   |       |       |       |       |       |     6 |    32 |    20 |       ||    58
       Airstrike         |       |       |       |       |       |    16 |   470 |   207 |    15 ||   708
       Deflect Missiles  |       |       |       |       |       |     2 |     8 |     3 |       ||    13
       Passage of Golubr |       |       |       |       |       |       |       |     2 |       ||     2
       Blink             |       |       |       |       |       |       |       |    20 |     1 ||    21
       Iron Shot         |       |       |       |       |       |       |       |       |   591 ||   591
       Orb of Destructio |       |       |       |       |       |       |       |       |    66 ||    66
       Haste             |       |       |       |       |       |       |       |       |     5 ||     5
Evoke: Deck              |       |       |     6 |       |       |     4 |     8 |       |       ||    18
       Wand              |       |       |       |     1 |    11 |    10 |     8 |    19 |    14 ||    63
       Lamp of fire      |       |       |       |       |       |     1 |     4 |     7 |       ||    12
       Fan of gales      |       |       |       |       |       |       |     6 |     7 |     1 ||    14
       Staff of energy   |       |       |       |       |       |       |     7 |    22 |       ||    29
       Stone of tremors  |       |       |       |       |       |       |     3 |     5 |       ||     8
       Sack of spiders   |       |       |       |       |       |       |     9 |       |       ||     9
       Rod               |       |       |       |       |       |       |     2 |    56 |       ||    58
  Use: Potion            |       |       |     1 |     7 |     2 |     7 |     3 |    10 |     8 ||    38
       Scroll            |       |       |    19 |     3 |    21 |    21 |    19 |    33 |    23 ||   139
 Stab: Sleeping          |     1 |     1 |     2 |       |       |       |       |       |       ||     4
       Distracted        |       |       |       |       |       |       |     2 |       |     1 ||     3
  Eat: Pizza             |       |     1 |     1 |     4 |       |     3 |     6 |       |     1 ||    16
       Bread ration      |       |       |     1 |     2 |     2 |     1 |     2 |     4 |     5 ||    17
       Fruit             |       |       |     2 |     2 |     7 |     3 |     1 |     4 |     2 ||    21
       Royal jelly       |       |       |       |       |       |     6 |     5 |       |       ||    11
Armor: Robe              |     3 |     3 |    12 |    15 |    90 |    68 |    89 |    67 |    40 ||   387
Dodge: Dodged            |    20 |    44 |   151 |   242 |  1004 |  1191 |  1210 |   838 |   685 ||  5385
       Deflected         |       |       |       |       |       |    33 |    83 |    52 |    22 ||   190
Block: Other             |       |       |       |       |       |       |       |    54 |   187 ||   241
       Reflection        |       |       |       |       |       |       |       |     4 |    10 ||    14

Vault maps used:
D:1:      dpeg_arrival_boxes_within_box, serial_bayou_pond_d, feat_on_display
D:2:      fedhas_altar_1, lemuel_coloured_pillars_altar, serial_aquarium,
          aquarium_bridge_square, aquarium_bridge_island_small,
          aquarium_window_corridor_1, aquarium_window_1, aquarium_window_double,
          aquarium_view_2b, first_bread
D:3:      grunt_temple_overflow_open, nicolae_ru_sacrificial_ziggurat
D:5:      grunt_temple_overflow_gold_and_silver, nemelex_deck
D:6:      grunt_dithmenos_smoke_and_mirrors, minmay_temple_entry_hall
D:7:      nemelex_lonely_heart_becter, uniq_joseph
D:8:      old_standard_altar, grunt_pizzeria
D:9:      serial_shops, shop_statue
D:10:     dpeg_oklobed_lair, special_room, st_stairs_10
D:11:     minmay_cut_squares, portal_ice_cave_entry_pillars_02,
          lemuel_blue_sif_altar
D:12:     david_orc_5, uniq_gastronok
D:14:     grunt_vaults_entry_tiered, kennysheep_small_spiral, serial_undead,
          serial_undead_a, serial_undead_e, serial_undead_d, serial_undead_a,
          serial_undead_a, serial_undead_f
D:15:     hangedman_depths_entry_try_elsewhere_first
Lair:1:   ldierk_geyser, grunt_forest_large_clearings, serial_bayou_shore_b,
          serial_bayou_shore_a
Lair:2:   lab_entry_generic, grunt_megastairs_2
Lair:3:   st_stairs_4, uniq_fannar
Lair:4:   minmay_snake_entry_six_corridors, lemuel_fruit_tree,
          grunt_megastairs_1
Lair:5:   minmay_swamp_entry_worms, infiniplex_staircase_pool
Lair:6:   dpeg_slime_entry_enclosed_altar, ice2_lemuel
Lair:8:   due_jungle_book, wad_woods_river_01
Swamp:1:  evilmike_swamp_ruin_house_4
Swamp:2:  nicolae_swamp_phyte_club, evilmike_swamp_ruin_house_2
Swamp:3:  serial_swamp_ruin, evilmike_swamp_ruin_house_6,
          evilmike_swamp_ruin_house_5, evilmike_swamp_ruin_rubble_1,
          swamp_pool1, nicolae_swamp_trees_clearing
Swamp:4:  swamp_old_school, swamp_pool1, nicolae_swamp_treefoil
Snake:1:  nrook_guardian_serpent_snake_passage, spider_trap, uniq_azrael
Snake:2:  serial_shops, nicolae_shop_trees, spider_trap, serial_bayou_pond_a
Snake:3:  serial_shops, nicolae_shop_competitors_out_of_business, shop_statue,
          shop_statue, nicolae_shop_behind_doors,
          nrook_guardian_serpent_ordinary, basic_stair_grate_trap,
          serial_bayou_shore_b
Snake:4:  snake_pit, serial_shops, shop
Slime:1:  cheibrodos_slime_lost_civilization_4
Slime:2:  nicolae_slime_phagocytosis
Slime:3:  nicolae_slime_barrier, nicolae_slime_welcoming_committee
Orc:1:    nicolae_orc_lava_room, uniq_erica, uniq_maud
Orc:2:    st_orc_mages, nicolae_orc_damp_corner, trog_book, uniq_snorg
Elf:1:    elf_arrival_001, kennysheep_underground_church,
          hangedman_decor_cross_pass
Elf:3:    minmay_elf_hall, nrook_loot_triangle, st_stairs_10, sword_in_stone,
          uniq_nikola
Vaults:1: vaults_room_pools, vaults_room_pools, ontoclasm_vaults_ring_large,
          vaults_room_ringed_pool, ontoclasm_vaults_gallery,
          ontoclasm_vaults_eye, v_misc_2, ontoclasm_vaults_pinch, v_misc_27,
          v_misc_10, nicolae_vaults_yaktaur_gun_rack, serial_glass,
          nicolae_trove_entry_columns
Vaults:2: serial_ice_b, hangedman_vaults_restitches, v_misc_1,
          hangedman_vaults_locks, grunt_vaults_funnel, v_misc_14,
          nicolae_vaults_little_ls, hangedman_vaults_impose,
          vaults_standard_mumra_enter_the_diamond, v_alt_pattern_2,
          vaults_room_stairs_pillars, vaults_room_guarded_vault,
          vaults_dpeg_diagonal, nicolae_vaults_circle_grid_b,
          nicolae_vaults_rhombus_5, v_misc_25, serial_shops, shop
Vaults:3: hangedman_vaults_stretched_pinwheel, v_rooms_4,
          hangedman_vaults_variations, vaults_dpeg_ring, hangedman_vaults_hat,
          hangedman_vaults_slice, minmay_crypt_entry_simple_sparse,
          vaults_standard_mumra_enter_the_diamond, nicolae_vaults_gold_heap,
          vaults_mumra_hexcomb, vaults_room_door_ring
Vaults:4: ontoclasm_vaults_ring_square, vaults_room_grunt_arrival_checkpoint,
          ontoclasm_vaults_shuriken, serial_shops, bzr_entry_safe, uniq_mara
Depths:1: grated_community_mu, mu_enter_wizlab_6, abyss_entry, nrook_uturn,
          special_room, grunt_hell_entry_dis_grunt, minivault_16,
          grunt_ministairs_1, uniq_sojobo
Depths:2: forest_paths, kennysheep_nondescript, serial_glass, glass_columns_c,
          glass_columns_b, glass_columns_b, glass_columns_b, glass_columns_a,
          glass_columns_a, hell_entry, firewood_loft
Depths:3: minmay_swirls_squares, hell_entry, hangedman_decor_growths,
          rand_demon_pan_entry_4, hangedman_abyss_entry_splay,
          infiniplex_staircase_spiral
Depths:4: hangedman_box_tower, enter_ziggurat_b, minmay_room_of_horrors,
          pf_hell_entry_great_geh, serial_shops, statue_bzr
Depths:5: evilmike_zot_entry_argh, hellmouth_1, serial_co_window_serial,
          co_window_cross_1, co_window_paths_a, co_window_paths_b,
          co_window_corner_a, co_window_of_opportunity_a,
          co_window_unsneaky_path_b, co_window_of_opportunity_c,
          co_window_corner_ca, co_window_corner_cb, co_window_corner_b,
          glass_columns_a, glass_columns_a, glass_columns_b, glass_columns_a,
          glass_columns_a, pan_entry, abyss_entry_flame_altar,
          basic_stair_grate_trap
Zot:1:    kennysheep_oblong_rooms, st_single_dragon_hoard_3, st_stairs_4,
          lemuel_golem_globe
Zot:2:    hangedman_zot_wheel_spokes
Zot:4:    grunt_ministairs_8, hangedman_zot_decor_checkerboard,
          grunt_megastairs_4
Zot:5:    basic_stair_grate_trap
Zig:8:    ziggurat_pillar_centre_dead_trees
Bazaar:   bazaar_short_row

Table legend:
 A = Turns spent in this place as a percentage of turns spent in the entire game.
 B = Non-inter-level travel turns spent in this place as a percentage of non-inter-level travel turns spent in the entire game.
 C = Inter-level travel turns spent in this place as a percentage of turns spent in this place.
 D = Turns resting spent in this place as a percentage of non-inter-level travel turns spent in this place.
 E = Turns spent auto-exploring this place as a percentage of non-inter-level travel turns spent in this place.
 F = Non-inter-level travel turns spent in this place divided by the number of levels of this place that you've seen.
                   A       B       C       D       E      F
               +-------+-------+-------+-------+-------+----------------------
         Total | 100.0 | 100.0 |   0.5 |   6.3 |   5.0 | 718.4
       Dungeon |  20.1 |  20.1 |   0.8 |   5.3 |   6.1 | 624.6
          Lair |  13.1 |  13.2 |   0.3 |   5.0 |   3.7 | 768.4
         Swamp |   6.2 |   6.2 |   0.6 |   5.9 |   5.2 | 721.5
     Snake Pit |  10.0 |  10.0 |   0.4 |   8.2 |   5.8 | 1162.2
    Slime Pits |   2.2 |   2.2 |   0.2 |   8.0 |   2.4 | 168.5
  Orcish Mines |   2.1 |   2.1 |   1.0 |   8.3 |  11.3 | 499.0
   Elven Halls |   6.9 |   6.9 |   0.4 |   5.4 |   7.1 | 1067.3
        Vaults |   8.9 |   8.9 |   0.6 |   5.9 |   6.5 | 1043.2
        Depths |  22.3 |  22.4 |   0.4 |   7.3 |   4.0 | 2089.6
           Zot |   6.6 |   6.6 |   0.1 |   6.2 |   2.2 | 618.6
      Ziggurat |   1.5 |   1.5 |   0.0 |   3.8 |   0.0 |  85.6
        Bazaar |   0.1 |   0.1 |   0.0 |   0.0 |  27.8 |  36.0
               +-------+-------+-------+-------+-------+----------------------

Table legend:
 A = Kills in this place as a percentage of kills in entire the game.
 B = Kills by you in this place as a percentage of kills by you in the entire game.
 C = Kills by friends in this place as a percentage of kills by friends in the entire game.
 D = Other kills in this place as a percentage of other kills in the entire game.
 E = Experience gained in this place as a percentage of experience gained in the entire game.
 F = Experience gained in this place divided by the number of levels of this place that you have seen.
                   A       B       C       D       E      F
               +-------+-------+-------+-------+-------+----------------------
         Total | 100.0 | 100.0 | 100.0 | 100.0 | 100.0 | 22582.5
       Dungeon |  21.4 |  21.5 |  10.8 |   0.0 |   6.2 | 6089.5
          Lair |  11.9 |  12.1 |   0.0 |   0.0 |   4.7 | 8696.5
         Swamp |   6.1 |   6.0 |  10.8 |   0.0 |   4.6 | 16718.5
     Snake Pit |  10.6 |  10.8 |   0.0 |   0.0 |  10.5 | 38351.0
    Slime Pits |   3.9 |   4.0 |   2.7 |   0.0 |   5.9 | 14414.0
  Orcish Mines |   4.1 |   4.2 |   2.7 |   0.0 |   1.3 | 9415.0
   Elven Halls |   6.1 |   5.8 |  27.0 |  33.3 |   8.9 | 43393.0
        Vaults |  11.9 |  11.9 |   8.1 |  66.7 |  12.2 | 44884.8
        Depths |  19.1 |  19.0 |  29.7 |   0.0 |  31.9 | 93643.0
           Zot |   3.6 |   3.6 |   0.0 |   0.0 |  11.8 | 34617.8
      Ziggurat |   1.4 |   1.3 |   8.1 |   0.0 |   2.1 | 3791.5
               +-------+-------+-------+-------+-------+----------------------
